 Dungeon Crawl Stone Soup version 0.19.1 (webtiles) character file.

1537 Gargo the Digger (level 8, -3/45 HPs)
             Began as a Gargoyle Earth Elementalist on Dec 10, 2016.
             Was an Initiate of Vehumet.
             Slain by a hornet zombie (8 damage)
             ... on level 7 of the Dungeon.
             The game lasted 00:26:14 (5850 turns).

Gargo the Digger (Gargoyle Earth Elementalist)      Turns: 5850, Time: 00:26:15

Health: -3/45      AC:  8    Str: 13    XL:     8   Next: 86%
Magic:  1/17       EV: 13    Int: 17    God:    Vehumet [......]
Gold:   320        SH:  0    Dex: 13    Spells: 3 memorised, 11 levels left

rFire  . . .     SeeInvis .     y - +0 whip (curse)
rCold  . . .     Gourm    .     x - +0 robe of the Gate {Dex+3} (curse)
rNeg   + . .     Faith    .     (no shield)
rPois  ∞         Spirit   .     (no helmet)
rElec  +         Reflect  .     (no cloak)
rCorr  .         Harm     .     A - +0 pair of gloves (curse)
MR     +....     Rnd*Tele +     (no boots)
Stlth  ++........               (no amulet)
                                l - ring of protection from magic
                                k - ring of teleportation (curse)

@: no status effects
A: negative energy resistance 1, electricity resistance, unbreathing,
petrification resistance, rot immunity, AC +5
a: Renounce Religion


You were on level 7 of the Dungeon.
You worshipped Vehumet.
Vehumet was noncommittal.
You were not hungry.

You visited 2 branches of the dungeon, and saw 8 of its levels.

You collected 320 gold pieces.

Inventory:

Hand Weapons
 a - a +1 mace of crushing
 y - a cursed +0 whip (weapon)
Missiles
 b - 100 stones (quivered)
Armour
 x - the cursed +0 robe of the Gate (worn) {Dex+3}
   (You found it on level 6 of the Dungeon)

   It affects your dexterity (+3).
   It has a curse placed upon it.
 A - a cursed +0 pair of gloves (worn)
Jewellery
 k - a cursed ring of teleportation (left hand)
 l - a ring of protection from magic (right hand)
 m - an uncursed amulet of guardian spirit
Scrolls
 q - a scroll of fog
 u - 2 scrolls of teleportation
Potions
 i - a potion of cancellation {unknown}
 j - a potion of magic {unknown}
 o - a potion of agility {unknown}
 z - a potion of cure mutation {unknown}
Comestibles
 g - 2 fruits
 B - 2 chunks of flesh


   Skills:
 + Level 2.4 Fighting
 + Level 2.2 Maces & Flails
 + Level 2.1 Armour
 + Level 2.5 Dodging
 - Level 2.1 Stealth
 * Level 6.5 Spellcasting
 + Level 4.5 Conjurations
   Level 0.7 Transmutations
 + Level 6.7 Earth Magic
   Level 1.5 Evocations


You had 11 spell levels left.
You knew the following spells:

 Your Spells              Type           Power        Failure   Level  Hunger
a - Sandblast             Erth           ####..       1%          1    None
b - Lee's Rapid Deconstr  Erth           ####......   24%         5    #####..
A - Stone Arrow           Conj/Erth      ###...       4%          3    ##.....


Dungeon Overview and Level Annotations

Branches:
Dungeon (7/15)             Temple (1/1) D:7

Altars:
Uskayaw
Vehumet
Xom


Innate Abilities, Weirdness & Mutations

You are resistant to torment.
Your stone body is resilient. (AC +5)
You are immune to poison.
You resist negative energy. (rN+)
You are resistant to electric shocks. (rElec)
You can survive without breathing.
You are immune to petrification.
You are immune to rotting.


Message History

The hornet zombie closely misses you.
You hit the hornet zombie.
The hornet zombie is almost destroyed.
The hornet zombie hits you.
* * * LOW HITPOINT WARNING * * *
The hornet zombie hits you but does no damage.
You barely miss the hornet zombie.
The hornet zombie is almost destroyed.
The hornet zombie misses you.
You hit the hornet zombie.
The hornet zombie is almost destroyed.
The hornet zombie hits you.
* * * LOW HITPOINT WARNING * * *
You closely miss the hornet zombie.
The hornet zombie is almost destroyed.
The hornet zombie closely misses you. x2
You hit the hornet zombie.
The hornet zombie is almost destroyed.
The hornet zombie hits you!
You die...

#.####.# ### .....#
..# ##..## ######.#
##..†.##.#......###
#.................#
##.>.>##.#.####<#
##.<##
............. ##Z#
##......#.##. #@#
#####.##.# #+# #. #
.. #. #.


You could see a hornet zombie.

Vanquished Creatures
  Prince Ribbit (D:5)
  Sigmund (D:2)
  3 ice beasts
  2 phantoms
  A bullfrog (D:6)
  A wyvern skeleton (D:6)
  A scorpion (D:5)
  An orc priest (D:3)
  2 hounds (D:4)
  A jelly (D:6)
  A bullfrog skeleton (D:5)
  5 worker ants
  3 orc wizards
  A hound skeleton (D:4)
  3 gnolls (D:2)
  8 adders
  A shadow imp (D:6)
  2 oozes
  4 worms
  4 dart slugs
  4 leopard geckos
  11 orcs
  7 bats
  3 giant cockroaches
  2 hobgoblins
  13 jackals
  3 quokkas
  2 ball pythons
  5 frilled lizards
  7 goblins
  2 jackal skeletons
  11 kobolds
  9 rats
125 creatures vanquished.

Notes
Turn   | Place    | Note
-------+----------+-------------------------------------------
     0 | D:1      | Gargo the Gargoyle Earth Elementalist began the quest for the Orb.
     0 | D:1      | Reached XP level 1. HP: 10/10 MP: 3/3
   318 | D:2      | Reached XP level 2. HP: 15/15 MP: 0/5
   590 | D:1      | Reached XP level 3. HP: 18/19 MP: 5/7
   595 | D:1      | Learned a level 3 spell: Stone Arrow
  1092 | D:2      | Reached XP level 4. HP: 23/24 MP: 4/8
  1100 | D:2      | Reached skill level 1 in Conjurations
  1375 | D:2      | Noticed Sigmund
  1614 | D:2      | Reached XP level 5. HP: 15/28 MP: 6/10
  1860 | D:3      | Reached skill level 5 in Earth Magic
  2009 | D:3      | Reached XP level 6. HP: 23/32 MP: 8/12
  2213 | D:2      | Killed Sigmund
  2640 | D:4      | Reached XP level 7. HP: 22/36 MP: 2/14
  2902 | D:5      | Entered Level 5 of the Dungeon
  2950 | D:4      | Reached skill level 5 in Spellcasting
  3971 | D:5      | Noticed Prince Ribbit
  4314 | D:5      | Reached XP level 8. HP: 26/42 MP: 2/16
  4454 | D:5      | Killed Prince Ribbit
  4454 | D:5      | Reached skill level 1 in Fighting
  4454 | D:5      | Reached skill level 1 in Maces & Flails
  4454 | D:5      | Reached skill level 1 in Armour
  4581 | D:5      | Found a hide-covered altar of Uskayaw.
  4586 | D:5      | Found a shimmering altar of Xom.
  4695 | D:5      | Reached skill level 1 in Evocations
  5105 | D:6      | Got a colourful robe
  5116 | D:6      | Identified the cursed +0 robe of the Gate {Dex+3} (You found it on level 6 of the Dungeon)
  5375 | D:6      | Found a radiant altar of Vehumet.
  5383 | D:6      | Became a worshipper of Vehumet
  5764 | D:7      | Found a staircase to the Ecumenical Temple.
  5767 | Temple   | Entered the Ecumenical Temple
  5791 | Temple   | Learned a level 5 spell: Lee's Rapid Deconstruction
  5826 | D:7      | HP: 2/45 [hornet zombie (4)]
  5850 | D:7      | Slain by a hornet zombie

Skill      XL: |  1  2  3  4  5  6  7  8 |
---------------+-------------------------+-----
Earth Magic    | 4 5 6 |  6.7
Spellcasting   | 3 4 5 6 |  6.5
Conjurations   | 1 2 3 4 |  4.5
Fighting       | 2 |  2.4
Maces & Flails | 2 |  2.2
Armour         | 2 |  2.1
Dodging        | 2 |  2.5
Evocations     | 1 |  1.5
Stealth        | |  2.1
Transmutations | |  0.7

Action                   |  1- 3 |  4- 6 |  7- 9 || total
-------------------------+-------+-------+-------++-------
Melee: Unarmed           |    11 |       |       ||    11
       Club              |     5 |       |       ||     5
       Whip              |     9 |    26 |    19 ||    54
       Mace              |       |     6 |    35 ||    41
 Cast: Sandblast         |    48 |   127 |   115 ||   290
       Stone Arrow       |       |     1 |    30 ||    31
  Use: Scroll            |     2 |     2 |     6 ||    10
       Potion            |       |     1 |     3 ||     4
 Stab: Sleeping          |     2 |     1 |     4 ||     7
       Invisible         |       |     3 |       ||     3
       Distracted        |       |       |     1 ||     1
  Eat: Chunk             |     1 |     5 |    10 ||    16
       Fruit             |       |       |     2 ||     2
Armor: Robe              |    10 |    44 |    41 ||    95
Dodge: Dodged            |    20 |    57 |    91 ||   168
